 Dungeon Crawl Stone Soup version 0.29.0-4-gdea44cf6ec (webtiles) character file.

Game seed: 8394495100742835820

57 qw the Chopper (level 4, -1/26 HPs)
             Began as a Tengu Warper on Aug 29, 2022.
             Slain by a crimson imp (2 damage)
             ... summoned by Natasha
             ... on level 2 of the Dungeon.
             The game lasted 00:00:25 (1501 turns).

qw the Chopper (Tengu Warper)                       Turns: 1501, Time: 00:00:25

Health: -1/26      AC:  3    Str: 13    XL:     4   Next: 0%
Magic:  8/8        EV: 12    Int: 13    God:
Gold:   82         SH:  0    Dex: 14    Spells: 7/7 levels left

rFire   . . .      SeeInvis .   Y - +1 hand axe
rCold   . . .      Faith    .   (no shield)
rNeg    . . .      Spirit   .   b - +0 leather armour
rPois   .          Reflect  .   (helmet restricted)
rElec   .          Harm     .   (no cloak)
rCorr   .          Rampage  .   (no gloves)
Will    .....                   (boots unavailable)
Stlth   +.........              (no amulet)
HPRegen 0.08/turn               (no ring)
MPRegen 0.11/turn               (no ring)

@: no status effects
A: beak, talons 3
a: no special abilities


You were on level 2 of the Dungeon.
You visited 1 branch of the dungeon, and saw 2 of its levels.

You collected 107 gold pieces.
You spent 25 gold pieces at shops.


Innate Abilities, Weirdness & Mutations

You have a beak for a mouth.
You have claws for feet.


   Skills:
 - Level 2.0 Fighting
 + Level 4.5 Axes
 - Level 1.0 Throwing
 - Level 1.1 Armour
 - Level 2.1 Dodging
 - Level 2.0 Spellcasting
 - Level 2.4 Translocations


You had 7 spell levels left.
You didn't know any spells.
Your spell library contained the following spells:

 Spells                   Type           Power      Damage    Failure   Level
 Blink                    Tloc           14%        N/A       19%         2
 Gell's Gravitas          Tloc           7%         N/A       36%         3
 Lesser Beckoning         Tloc           7%         N/A       36%         3
 Teleport Other           Tloc           7%         N/A       36%         3
 Manifold Assault         Tloc           7%         N/A       98%         5

Inventory:

Hand Weapons
 c - a +0 mace
 Y - a +1 hand axe (weapon)
Missiles
 g - 4 boomerangs (quivered)
Armour
 b - a +0 leather armour (worn)
 k - a +0 scale mail
Scrolls
 e - a scroll of amnesia {unknown}
 f - a scroll of identify {unknown}
Potions
 a - a potion of might {unknown}
 d - a potion of lignification {unknown}
 h - a potion of mutation {unknown}
 i - a potion of brilliance {unknown}
 j - 2 potions of curing

Dungeon Overview and Level Annotations

Branches:
Dungeon (2/15)

Altars:

Shops:
D:2 *

Annotations:
D:2 Natasha


Message History

You miss the crimson imp.
The crimson imp is moderately wounded.
You closely miss Natasha. The crimson imp hits you.
Natasha wildly gestures.
Natasha's front paws start to glow.
Natasha claws you.
You hit the crimson imp but do no damage.
You peck the crimson imp.
The crimson imp is heavily wounded.
You barely miss Natasha. The crimson imp hits you. Natasha closely misses you.
You hit the crimson imp.
The crimson imp is severely wounded.
You hit Natasha but do no damage.
The crimson imp hits you but does no damage.
The shadow imp puffs mist at you. Natasha barely misses you.
You hit the crimson imp but do no damage.
Your peck misses the crimson imp.
The crimson imp is severely wounded.
You closely miss Natasha. The crimson imp hits you.
The shadow imp laughs crazily.
Natasha casts a spell.
You miss the crimson imp. You claw the crimson imp.
Your peck misses the crimson imp.
The crimson imp is almost dead.
You hit the crimson imp. You hit Natasha. The crimson imp hits you.
Natasha barely misses you. The crimson imp barely misses you.
The crimson imp closely misses you.
You hit the crimson imp but do no damage.
You peck the crimson imp, but do no damage.
Your punch misses the crimson imp.
The crimson imp is severely wounded.
You hit the crimson imp. You barely miss Natasha.
Natasha howls an incantation.
You feel disoriented. Natasha claws you! The crimson imp hits you.
You die...

. ..#.....# #.##.#####
.#######h.# #.##......
..........# #.########
#.####.#.## #.# ...#.#
#.# ..####.# #.# ######
#.# #5..# #.##...... .
###h### #.##...... #5@5#
#.##...... #.###
####.##...... #. #.#
#....##...... ... #.#
#.#####...... .... #.#
##.#####......
....###.####...#.........
#...<...#.....##.#.......
##.#....#.##..##.......))
#......#.#..............


You could see Natasha, 2 crimson imps and a shadow imp (summoned).

Vanquished Creatures
  An adder (D:2)
  A worm (D:2)
  2 dart slugs
  3 ball pythons
  4 endoplasms (D:1)
  4 giant cockroaches (D:1)
  5 goblins
  3 hobgoblins
  3 quokkas
  2 frilled lizards
  4 kobolds (D:2)
  6 rats
38 creatures vanquished.

Notes
Turn   | Place    | Note
-------+----------+-------------------------------------------
     0 | D:1      | qw the Tengu Warper began the quest for the Orb.
     0 | D:1      | Reached XP level 1. HP: 12/12 MP: 4/4
     0 | D:1      | 0 ||| qw: Version: 0.1-a-89-g26bdef1
     0 | D:1      | 0 ||| qw: Game counter: 3504
     0 | D:1      | 0 ||| qw: Always use a shield: true
     0 | D:1      | 0 ||| qw: God list: Okawaru
     0 | D:1      | 0 ||| qw: Allow faded altars: false
     0 | D:1      | 0 ||| qw: Do Orc after D:15 true
     0 | D:1      | 0 ||| qw: Do second Lair branch before Depths: true
     0 | D:1      | 0 ||| qw: Lair rune preference: random
     0 | D:1      | 0 ||| qw: Plans: Normal
     0 | D:1      | 0 ||| PLANNING D:1-11
   208 | D:1      | Reached XP level 2. HP: 17/17 MP: 6/6
   227 | D:1      | 227 ||| Stepping ~*~*~tactically~*~*~ (stealth).
   230 | D:1      | Reached skill level 3 in Axes
   231 | D:1      | 231 ||| Stepping ~*~*~tactically~*~*~ (stealth).
   237 | D:1      | 237 ||| Stepping ~*~*~tactically~*~*~ (stealth).
   380 | D:1      | 380 ||| Stepping ~*~*~tactically~*~*~ (hiding).
   592 | D:1      | 592 ||| Stepping ~*~*~tactically~*~*~ (stealth).
   593 | D:1      | 593 ||| Stepping ~*~*~tactically~*~*~ (stealth).
   691 | D:1      | Reached XP level 3. HP: 21/21 MP: 7/7
   995 | D:1      | 995 ||| READING scroll labelled ZITHIFI IFIM.
   996 | D:1      | 996 ||| READING scroll labelled ICLEGO XOUPSUU.
   997 | D:1      | 997 ||| READING scroll labelled GUUM TURPHETROM.
   998 | D:1      | 998 ||| READING scroll labelled FUUQIA RIBUNT.
   999 | D:1      | 999 ||| DRINKING 2 emerald potions.
  1000 | D:1      | 1000 ||| DROPPING scroll of blinking.
  1020 | D:2      | Found Ocytoist's Assorted Antiques.
  1027 | D:2      | 1027 ||| SHOPLISTING encrusted tourmaline ring (140 gold,
                  | have 51).
  1027 | D:2      | 1027 ||| BUYING fizzy purple potion (25 gold).
  1027 | D:2      | Bought a fizzy purple potion for 25 gold pieces
  1027 | D:2      | 1027 ||| SHOPLISTING runed whip (154 gold, have 26).
  1027 | D:2      | 1027 ||| SHOPLISTING scale mail (112 gold, have 26).
  1027 | D:2      | 1027 ||| SHOPLISTING slimy chain mail (266 gold, have 26).
  1039 | D:2      | 1039 ||| DROPPING +0 club.
  1066 | D:2      | Found a faded altar of an unknown god.
  1101 | D:2      | 1101 ||| Stepping ~*~*~tactically~*~*~ (stealth).
  1108 | D:2      | Reached skill level 4 in Axes
  1129 | D:2      | 1129 ||| FLEEEEING.
  1130 | D:2      | 1130 ||| FLEEEEING.
  1131 | D:2      | 1131 ||| FLEEEEING.
  1132 | D:2      | 1132 ||| FLEEEEING.
  1133 | D:2      | 1133 ||| FLEEEEING.
  1134 | D:2      | 1134 ||| FLEEEEING.
  1135 | D:2      | 1135 ||| FLEEEEING.
  1136 | D:2      | 1136 ||| FLEEEEING.
  1137 | D:2      | 1137 ||| FLEEEEING.
  1138 | D:2      | 1138 ||| FLEEEEING.
  1139 | D:2      | 1139 ||| FLEEEEING.
  1140 | D:2      | 1140 ||| FLEEEEING.
  1277 | D:2      | 1277 ||| Stepping ~*~*~tactically~*~*~ (stealth).
  1283 | D:2      | 1283 ||| Stepping ~*~*~tactically~*~*~ (stealth).
  1468 | D:2      | Reached XP level 4. HP: 26/26 MP: 8/8
  1470 | D:2      | Noticed Natasha
  1471 | D:2      | 1471 ||| FLEEEEING.
  1472 | D:2      | 1472 ||| FLEEEEING.
  1473 | D:2      | 1473 ||| FLEEEEING.
  1481 | D:2      | 1481 ||| FLEEEEING.
  1482 | D:2      | 1482 ||| FLEEEEING.
  1484 | D:2      | 1484 ||| Stepping ~*~*~tactically~*~*~ (hiding).
  1501 | D:2      | HP: 1/26 [Natasha (7)]
  1501 | D:2      | Slain by a crimson imp

Levels and vault maps discovered:
D:1:      minmay_arrival_arboretum_small, layout_basic
D:2:      cheibrodos_greedy_goblins, layout_basic,
          dreamdust_ecumenical_altar_sealed_demon, serial_shops, shop,
          uniq_natasha

Skill      XL: |  1  2  3 |
---------------+----------+-----
Axes           | 3 4 |  4.5
Fighting       | |  2.0
Throwing       | |  1.0
Armour         | |  1.1
Dodging        | |  2.1
Spellcasting   | |  2.0
Translocations | |  2.4

Action                   |  1- 3 |  4- 6 || total
-------------------------+-------+-------++-------
Melee: Hand axe          |    52 |    16 ||    68
       Kick              |    13 |     2 ||    15
       Peck              |     5 |     4 ||     9
       Punch             |     1 |     1 ||     2
Throw: Boomerang         |    49 |       ||    49
  Use: Scroll            |     4 |       ||     4
       Potion            |     1 |       ||     1
Armor: Leather armour    |     5 |     3 ||     8
Dodge: Dodged            |    21 |    10 ||    31

Table legend:
 A = Non-vault XP
 B = Vault XP
 C = Vault XP percentage of total XP
 D = Non-vault monster count
 E = Vault monster count
 F = Vault count percentage of total count
                 A         B        C        D         E       F
            +---------+---------+-------+---------+---------+-------
      Total |      82 |       0 |   0.0 |      38 |       0 |   0.0
            +---------+---------+-------+---------+---------+-------
        D:1 |      41 |       0 |   0.0 |      23 |       0 |   0.0
        D:2 |      41 |       0 |   0.0 |      15 |       0 |   0.0
            +---------+---------+-------+---------+---------+-------
